 Dungeon Crawl Stone Soup version 0.29.0-15-g675c0067aa (webtiles) character file.

Game seed: 4115705430332874042

58 ragingrage the Chopper (level 3, 0/31 HPs)
             Began as a Minotaur Berserker on Sept 11, 2022.
             Was a Believer of Trog.
             Succumbed to an orc's poison
             ... on level 3 of the Dungeon.
             The game lasted 00:01:01 (1395 turns).

ragingrage the Chopper (Minotaur Berserker)         Turns: 1395, Time: 00:01:01

Health: 0/31       AC: 12    Str: 23    XL:     3   Next: 76%
Magic:  2/2        EV:  7    Int:  4    God:    Trog [**....]
Gold:   76         SH:  0    Dex:  9    Spells: 2/2 levels left

rFire   . . .      SeeInvis .   a - +0 hand axe
rCold   . . .      Faith    .   (no shield)
rNeg    . . .      Spirit   .   e - +0 plate armour
rPois   .          Reflect  .   (helmet restricted)
rElec   .          Harm     .   (no cloak)
rCorr   .          Rampage  .   g - +0 pair of gloves
Will    .....                   (no boots)
Stlth   ..........              (no amulet)
HPRegen 0.10/turn               (no ring)
MPRegen 0.08/turn               (no ring)

@: lethally poisoned (0 -> -17), on berserk cooldown, slowed, very slow
A: horns 2, retaliatory headbutt
a: Renounce Religion, Berserk, Trog's Hand


You were on level 3 of the Dungeon.
You worshipped Trog.
Trog was pleased with you.
You visited 1 branch of the dungeon, and saw 3 of its levels.

You collected 76 gold pieces.

Inventory:

Hand Weapons
 a - a +0 hand axe (weapon)
Armour
 e - a +0 plate armour (worn)
 g - a +0 pair of gloves (worn)
Jewellery
 k - a ring of fire
Scrolls
 c - a scroll of enchant weapon {unknown}
 d - 3 scrolls of identify {unknown}
 h - a scroll of blinking {unknown}
 i - a scroll of teleportation {unknown}
Potions
 b - a potion of mutation {unknown}
 f - a potion of might {unknown}
 j - a potion of cancellation {unknown}


   Skills:
 - Level 3.6 Fighting
 + Level 5.8 Axes
 - Level 2.4 Armour
 - Level 2.1 Dodging


You had 2 spell levels left.
You didn't know any spells.
Your spell library was empty.

Dungeon Overview and Level Annotations

Branches:
Dungeon (3/15)

Altars:


Innate Abilities, Weirdness & Mutations

You have a pair of horns on your head.
You reflexively headbutt those who attack you in melee.


Message History

You are too injured to fight recklessly!
You are too injured to fight recklessly!
You are too injured to fight recklessly!
You are too injured to fight recklessly!
You are too injured to fight recklessly!
You are too injured to fight recklessly!
You are too injured to fight recklessly!
You are too injured to fight recklessly!
You are too injured to fight recklessly!
You are too injured to fight recklessly!
You are too injured to fight recklessly!
You are too injured to fight recklessly!
There is a lethal amount of poison in your body!
A red film seems to cover your vision as you go berserk!
You feel yourself moving faster!
You feel mighty!
You feel very sick. The orc barely misses you.
You feel a strong urge to attack something.
You feel very sick. The orc hits you but does no damage.
You are more poisoned.
Things that are here:
a +0 club; a +0 scale mail; an orc corpse You slash the orc!
You kill the orc!
Trog accepts your kill.
* * * LOW HITPOINT WARNING * * *
You feel very sick.
* * * LOW HITPOINT WARNING * * *
You feel very sick.
Things that are here:
a +1 trident of venom; an orc corpse You are too berserk!
You feel a strong urge to attack something.
* * * LOW HITPOINT WARNING * * *
You feel very sick.
You are no longer berserk.
You are exhausted.
You feel yourself slow down.
You die...

#......#
#......#
.......
#..... ###
#....###...
#..#$.#..# .#
#.###...###.#
#.@#..# #..#
#.)).## ...#
#.#)## ##.#.#
#....###....#
#..#..#..#..#
#.###...###.#
#..#..#..#..#
#....###....#
#.#### ##...#


There were no monsters in sight!

Vanquished Creatures
  9 orcs
  6 ball pythons
  4 endoplasms
  2 giant cockroaches
  7 hobgoblins
  4 kobolds
  2 quokkas (D:2)
  2 bats (D:1)
  2 frilled lizards (D:1)
  3 goblins
  3 rats
44 creatures vanquished.

Notes
Turn   | Place    | Note
-------+----------+-------------------------------------------
     0 | D:1      | ragingrage the Minotaur Berserker began the quest for the
                  | Orb.
     0 | D:1      | Reached XP level 1. HP: 19/19 MP: 0/0
   107 | D:1      | Reached skill level 4 in Axes
   201 | D:1      | Reached XP level 2. HP: 26/26 MP: 1/1
   753 | D:2      | Reached skill level 5 in Axes
   835 | D:2      | Reached XP level 3. HP: 31/31 MP: 2/2
   866 | D:2      | Reached ** piety under Trog
  1395 | D:3      | Succumbed to an orc's poison

Illustrated notes

Levels and vault maps discovered:
D:1:      dpeg_arrival_morbid_curiosity, layout_basic,
          hellmonk_ecumenical_altar_zigzags
D:2:      layout_loops_cross
D:3:      layout_basic, glass_columns_a, dk_noncrumbling_4, minmay_crystal_room,
          minmay_strange_pillars, kennysheep_generic_room_13

Skill      XL: |  1  2 |
---------------+-------+-----
Axes           | 4 5 |  5.8
Fighting       | |  3.6
Armour         | |  2.4
Dodging        | |  2.1

Action                   || total
-------------------------++-------
Melee: Hand axe          ||    99
       Headbutt          ||    16
Invok: Berserk           ||     1
Armor: Plate armour      ||    64
       Animal skin       ||     1
Dodge: Dodged            ||    39
